 Dungeon Crawl Stone Soup version 0.32-a0-814-g0968bab981 (webtiles) character file.

Game seed: 3582724962848683492

393 gelatine the Chopper (level 6, -15/55 HPs)
             Began as a Mountain Dwarf Fighter on Mar 23, 2024.
             Demolished by Edmund
             ... wielding a +3 heavy dire flail
              (18 damage)
             ... on level 4 of the Dungeon.
             The game lasted 00:05:17 (2984 turns).

gelatine the Chopper (Mountain Dwarf Fighter)       Turns: 2984, Time: 00:05:17

Health: -15/55     AC:  7    Str: 18    XL:     6   Next: 51%
Magic:  6/6        EV:  8    Int:  9    God:
Gold:   149        SH:  4    Dex: 11    Spells: 5/5 levels left

rFire   . . .        a - +0 war axe
rCold   . . .        c - +0 buckler
rNeg    . . .        b - +0 scale mail
rPois   .            (no helmet)
rElec   .            (no cloak)
rCorr   .            (no gloves)
SInv    .            (no boots)
Will    .....        (no amulet) Stlth
                     (no ring)
HPRegen 0.29/turn    (no ring)
MPRegen 0.10/turn

%: no passive effects
@: mighty
A: runic magic, artefact enchanting
a: no special abilities


You were on level 4 of the Dungeon.
You visited 1 branch of the dungeon, and saw 4 of its levels.

You collected 149 gold pieces.

Inventory:

Hand Weapons
 a - a +0 war axe (weapon)
Missiles
 f - 6 javelins (quivered)
 i - 3 boomerangs
Armour
 b - a +0 scale mail (worn)
 c - a +0 buckler (worn)
Jewellery
 e - a ring of ice
Wands
 l - a wand of polymorph (4)
Scrolls
 g - a scroll of identify {unknown}
 h - a scroll of torment {unknown}
 j - a scroll of enchant armour {unknown}
 m - a scroll of noise {unknown}
 n - a scroll of fear {unknown}
Potions
 d - 2 potions of might
 k - a potion of degeneration {unknown}
 o - a potion of cancellation {unknown}


   Skills:
 + Level 4.8 Fighting
 + Level 5.9 Axes
 + Level 4.4 Armour
 + Level 0.6 Dodging
 + Level 4.0 Shields


You had 5 spell levels left.
You didn't know any spells.
Your spell library contained the following spells:

 Spells                   Type           Power      Damage    Failure   Level
 Necrotise                Necr           0%         1d4       56%         1
 Vampiric Draining        Necr           0%         2d6       90%         3
 Martyr's Knell           Necr/Summ      0%         N/A       100%        4
 Curse of Agony           Necr           0%         N/A       100%        5


Dungeon Overview and Level Annotations

Branches:
Dungeon (4/15)
 Temple: D:4-7

Altars:
Elyvilon

Annotations:
D:4 Edmund


Innate Abilities, Weirdness & Mutations

Your spellcasting is much less encumbered by armour.
You can use scrolls of enchantment on lesser artefacts.


Message History

The kobold closely misses you.
You slash Edmund!
Edmund is moderately wounded.
You hit the kobold but do no damage. You block Edmund's attack.
The kobold hits you but does no damage.
You hit Edmund.
Edmund is heavily wounded.
You hit the kobold.
You kill the kobold!
Edmund hits you with a +3 heavy dire flail!
You hit Edmund but do no damage.
Edmund is heavily wounded.
You hit Edmund but do no damage.
Edmund is heavily wounded.
Edmund hits you but does no damage.
You barely miss Edmund.
Edmund is heavily wounded.
You block Edmund's attack.
You hit Edmund but do no damage.
Edmund is heavily wounded.
Edmund hits you with a +3 heavy dire flail!
You hit Edmund but do no damage.
Edmund is heavily wounded.
Edmund hits you with a +3 heavy dire flail!
* * * LOW HITPOINT WARNING * * *
Okay, then.
Aiming: Polymorph
Press: ? - help, Q - select action, (/) - cycle Shift-Dir - straight line, f - Edmund
Aim: Edmund, wielding a +3 heavy dire flail and wearing a +2 scale mail of willpower (heavily wounded, will become a wyvern, an adder, or a bombardier beetle, chance to affect: 17%)
Okay, then.
You feel very mighty all of a sudden. You block Edmund's attack.
Unknown command.
You hit Edmund but do no damage.
Edmund is heavily wounded.
You barely miss Edmund.
Edmund is heavily wounded.
Edmund hits you with a +3 heavy dire flail!!
You die...
Edmund says, "That'll show my brother!"

# ###### # # .. .....
#.###### ##.## .....
#......###.....###....
#....†.#~~. .~~#....
#...)@†#~###♣###~#....
#....@)..#.....#......
..........©#©r_.©#©...>.
#....#.....#.....#..##+#
#....#...#~###♣###~## #
#... #...#~~.....~~# #
#... #...###.....#####+#
#.. '.......#..........
#..... ##.........


You could see Edmund and a neutral quokka (wandering).

Vanquished Creatures
  An ogre (D:3)
  The ghost of PriceMaster the Grave Robber, an amateur DsNe (D:3)
  A howler monkey (D:4)
  A hound (D:4)
  Natasha (thrice) (D:2)
  2 adders
  3 dart slugs
  A ribbon worm (D:3)
  4 ball pythons
  7 endoplasms
  3 giant cockroaches
  5 hobgoblins
  6 jackals
  6 kobolds
  3 quokkas
  7 bats
  3 frilled lizards
  3 goblins
  6 rats
66 creatures vanquished.

Notes
Turn   | Place    | Note
-------+----------+-------------------------------------------
     0 | D:1      | gelatine the Mountain Dwarf Fighter began the quest for the
                  | Orb.
     0 | D:1      | Reached XP level 1. HP: 19/19 MP: 1/1
   139 | D:1      | Reached XP level 2. HP: 26/26 MP: 2/2
   524 | D:1      | Reached skill level 3 in Axes
   693 | D:1      | Reached XP level 3. HP: 33/33 MP: 3/3
   990 | D:2      | Noticed Natasha
   994 | D:2      | Killed Natasha
   995 | D:2      | Reached XP level 4. HP: 35/40 MP: 4/4
  1279 | D:2      | Noticed Natasha
  1291 | D:2      | Killed Natasha
  1692 | D:2      | Noticed Natasha
  1701 | D:2      | Killed Natasha
  1702 | D:2      | Reached skill level 4 in Axes
  1702 | D:2      | Reached XP level 5. HP: 42/47 MP: 5/5
  1898 | D:3      | Found a runed translucent door.
  1898 | D:3      | Noticed PriceMaster's ghost (amateur DsNe)
  2030 | D:3      | Found a faded altar of an unknown god.
  2381 | D:3      | Noticed an ogre
  2386 | D:3      | Killed an ogre
  2387 | D:3      | Reached skill level 5 in Axes
  2820 | D:3      | Killed PriceMaster's ghost
  2821 | D:3      | Reached XP level 6. HP: 33/53 MP: 6/6
  2932 | D:4      | Found a transporter.
  2935 | D:4      | Found a white marble altar of Elyvilon.
  2935 | D:4      | Found a transporter.
  2962 | D:4      | Noticed Edmund
  2981 | D:4      | HP: 2/55 [Edmund/+3 heavy dire flail (16)]
  2984 | D:4      | Demolished by Edmund

Illustrated notes

Levels and vault maps discovered:
D:1:      dpeg_arrival_tiny_a, layout_basic, bh_walls_and_bars
D:2:      layout_loops_corners, uniq_natasha
D:3:      layout_basic, hellmonk_ghost_happy_afterlife,
          shapermc_ecumenical_altar_mp_ritualfount
D:4:      layout_basic, elyvilon_altar_4, minmay_temple_entry_from_below_b,
          uniq_edmund, uniq_ijyb

Skill      XL: |  1  2  3  4  5  6 |
---------------+-------------------+-----
Axes           | 3 4 5 |  5.9
Fighting       | 4 |  4.8
Armour         | 4 |  4.4
Shields        | 4 |  4.0
Dodging        | |  0.6

Action                     |  1- 3 |  4- 6 || total
---------------------------+-------+-------++-------
  Melee: War axe           |    78 |   135 ||   213
    Use: Scroll            |       |     1 ||     1
         Potion            |       |     1 ||     1
 Armour: Scale mail        |    55 |    96 ||   151
  Dodge: Dodged            |    37 |    65 ||   102
  Block: Buckler           |    20 |    43 ||    63

Table legend: (Time is in decaauts)
 A = Elapsed time spent in this place.
 B = Non-inter-level travel time spent in this place.
 C = Inter-level travel time spent in this place.
 D = Time resting spent in this place.
 E = Time spent auto-exploring this place.
 F = Levels seen in this place.
 G = Mean time per level.
                   A        B        C        D        E       F      G
               +--------+--------+--------+--------+--------+-----+--------+
         Total |   3064 |   2963 |    101 |      0 |   2374 |   4 |  766.0 |
       Dungeon |   3064 |   2963 |    101 |      0 |   2374 |   4 |  766.0 |
               +--------+--------+--------+--------+--------+-----+--------+

Top non-repeatable levels by time:
     D:3: 1053 daAuts
     D:2: 1000 daAuts
     D:1: 927 daAuts
     D:4: 82 daAuts
